 Dungeon Crawl Stone Soup version 0.26.1-11-gd32895ea62 (webtiles) character file.

Game seed: 18389082544308635871

2457 KapersCrawl the Skirmisher (level 9, -5/65 HPs)
             Began as an Octopode Venom Mage on Apr 15, 2021.
             Was a Priest of Yredelemnul.
             Slain by an ice beast (13 damage)
             ... on level 8 of the Dungeon.
             The game lasted 00:34:20 (11162 turns).

KapersCrawl the Skirmisher (Octopode Venom Mage)   Turns: 11162, Time: 00:34:21

Health: -5/65      AC:  1    Str:  8    XL:     9   Next: 50%
Magic:  13/13      EV: 14    Int: 20    God:    Yredelemnul [***...]
Gold:   470        SH:  0    Dex: 12    Spells: 7/14 levels left

rFire    . . .     SeeInvis .   a - +2 war axe (elec)
rCold    . . .     Faith    .   (no shield)
rNeg     . . .     Spirit   .   (helmet restricted)
rPois    .         Reflect  .   (no amulet)
rElec    .         Harm     .   (no ring)
rCorr    .         Rampage  .   (no ring)
Will     .....                  (no ring)
Stlth    +++.......             (no ring)
HPRegen  0.20/turn              (no ring)
MPRegen  0.13/turn              (no ring)
                                (no ring)
                                (no ring)

@: invisible
A: almost no armour, stealthy swim, amphibious, 8 rings, constrict 8, camouflage
1, gelatinous body 1
a: Renounce Religion, Recall Undead Slaves, Injury Mirror, Animate Dead


You were on level 8 of the Dungeon.
You worshipped Yredelemnul.
Yredelemnul was most pleased with you.
You visited 1 branch of the dungeon, and saw 8 of its levels.

You collected 470 gold pieces.

Inventory:

Hand Weapons
 a - a +2 war axe of electrocution (weapon)
 b - a +2 hunting sling of flaming
Missiles
 f - 50 sling bullets
 p - 25 poisoned darts
 q - 171 stones (quivered)
Wands
 k - a wand of flame (8)
 r - a wand of acid (3)
 s - a wand of polymorph (9)
Scrolls
 h - 3 scrolls of enchant weapon
 j - a scroll of fear
 l - 2 scrolls of teleportation
 m - 2 scrolls of remove curse
 o - a scroll of identify
Potions
 c - a potion of might
 d - 3 potions of attraction
 g - 2 potions of haste
 i - 3 potions of curing
 n - a potion of resistance
 t - a potion of lignification


   Skills:
 + Level 7.7 Fighting
 - Level 4.0 Dodging
 - Level 4.0 Stealth
 - Level 3.0 Spellcasting
 - Level 3.0 Transmutations
 - Level 4.0 Air Magic
 - Level 6.0 Poison Magic
 - Level 4.0 Invocations
 - Level 4.0 Evocations


You had 7 spell levels left.
You knew the following spells:

 Your Spells              Type           Power        Failure   Level
a - Sting                 Tmut/Pois      84%          2%          1
b - Poisonous Vapours     Pois/Air       46%          2%          2
c - Olgreb's Toxic Radia  Pois           27%          12%         4

Your spell library contained the following spells:

 Spells                   Type           Power        Failure   Level
 Mephitic Cloud           Conj/Pois/Air  16%          11%         3
 Ignite Poison            Fire/Tmut/Pois 15%          12%         3


Dungeon Overview and Level Annotations

Branches:
Dungeon (8/15)             Temple (0/1) D:7
   Lair: D:8-11

Altars:
Elyvilon
Fedhas
Hepliaklqana
Nemelex Xobeh
Ru
Sif Muna
Vehumet
Yredelemnul
The Shining One

Shops:
D:4 :

Annotations:
D:2 1 exclusion
D:3 3 runed translucent doors, Efficiency's ghost, weakling BaIE
D:6 1 runed translucent door, kalagan's ghost, novice DECj


Innate Abilities, Weirdness & Mutations

You cannot wear most types of armour.
You are very stealthy in the water. (Stealth+)
You are amphibious.
You can wear up to eight rings at the same time.
You can use your tentacles to constrict eight enemies at once.
Your skin changes colour to match your surroundings (Stealth+).
Your rubbery body absorbs attacks. (AC +1, EV +1)


Message History

You hit the ice beast but do no damage.
Lightning courses through the ice beast!
The ice beast is severely wounded.
The ice beast hits you. The ice beast freezes you!
You barely miss the ice beast.
The ice beast is severely wounded.
The ice beast hits you. The ice beast freezes you! The ice beast hits you.
The ice beast freezes you!
* * * LOW HITPOINT WARNING * * *
Okay, then.
Okay, then.
Press: ? - help, v - describe, . - travel
Here: an ice beast (severely wounded)
A stone staircase leading up, spattered with blood.
You fade into invisibility!
The ice beast hits you.
* * * LOW HITPOINT WARNING * * *
The ice beast freezes you!
You die...
Your body rises from the dead as a mindless zombie.

.. . # ###
##..# ..# #...#
#.# ..#.# #.#
###.###...#####
#.#
..............#
#.# #.###Y###
#.# #.....@.#
#.# #####.#.#
#.# #.#(# #.#
#.#.# #)# #.#..
......# #.###
#.##..... ..#
#.. .... ## ##.
..#


You could see an ice beast.

Vanquished Creatures
  3 orc warriors
  A phantom (D:6)
  2 ogres
  3 centaurs
  A big kobold (D:7)
  2 bullfrogs (D:6)
  A scorpion (D:5)
  2 wights (D:6)
  2 howler monkeys
  2 jellies (D:7)
  3 hounds
  4 orc priests
  5 orc wizards
  A bullfrog skeleton (D:7)
  Jessica (D:3)
  A centaur skeleton (D:6)
  6 worker ants
  Ijyb (D:4)
  3 iguanas
  Natasha (thrice) (D:4)
  A hound skeleton (D:4)
  2 worker ant zombies
  3 adders
  2 shadow imps (D:6)
  3 white imps
  An ufetubus (D:8)
  A worm (D:3)
  6 dart slugs
  3 leopard geckos
  31 orcs
  8 bats
  9 giant cockroaches
  4 goblins
  7 hobgoblins
  14 jackals
  2 quokkas
  5 frilled lizards
  11 kobolds
  A leopard gecko skeleton (D:4)
  3 rats
164 creatures vanquished.

Vanquished Creatures (collateral kills)
  Sigmund (D:3)
  A howler monkey (D:7)
  A wight (D:6)
  A jelly (D:5)
  A white imp (D:5)
  An orc (D:3)
  A kobold (D:7)
7 creatures vanquished.

Vanquished Creatures (others)
  2 worker ant zombies (D:7)
  A bat zombie (D:3)
  A big kobold zombie (D:7)
  A bullfrog zombie (D:6)
  2 hound zombies
  3 howler monkey zombies
  An iguana zombie (D:7)
  2 jackal zombies
  4 kobold zombies
  An ogre zombie (D:6)
  5 orc zombies
  A quokka zombie (D:7)
  2 rat zombies (D:3)
  2 withered plants (D:6)
28 creatures vanquished.

Grand Total: 199 creatures vanquished

Notes
Turn   | Place    | Note
-------+----------+-------------------------------------------
     0 | D:1      | KapersCrawl the Octopode Venom Mage began the quest for the
                  | Orb.
     0 | D:1      | Reached XP level 1. HP: 11/11 MP: 3/3
   144 | D:1      | Reached skill level 1 in Fighting
   342 | D:1      | Reached XP level 2. HP: 19/19 MP: 3/5
   364 | D:1      | Learned a level 2 spell: Poisonous Vapours
   541 | D:1      | Reached skill level 2 in Fighting
  1089 | D:2      | Found a basalt altar of Yredelemnul.
  1094 | D:2      | Became a worshipper of Yredelemnul the Dark
  1337 | D:2      | Reached XP level 3. HP: 24/24 MP: 3/6
  1406 | D:2      | Reached skill level 1 in Air Magic
  1484 | D:2      | You fall into a shaft and drop 1 floor!
  1736 | D:2      | Reached XP level 4. HP: 29/29 MP: 0/7
  2812 | D:3      | Noticed Efficiency's ghost (weakling BaIE)
  2821 | D:3      | Reached * piety under Yredelemnul
  2896 | D:3      | Reached XP level 5. HP: 36/36 MP: 5/8
  3036 | D:3      | Found a runed translucent gate.
  3036 | D:3      | Found a runed translucent gate.
  3036 | D:3      | Found a runed translucent gate.
  3077 | D:3      | Reached skill level 3 in Fighting
  3544 | D:3      | Noticed Jessica
  3547 | D:3      | Killed Jessica
  3945 | D:3      | Noticed Sigmund
  3971 | D:3      | Killed Sigmund
  3972 | D:3      | Reached skill level 4 in Fighting
  3972 | D:3      | Reached XP level 6. HP: 34/43 MP: 0/10
  4134 | D:4      | Noticed Natasha
  4137 | D:4      | Killed Natasha
  4214 | D:4      | Found a white marble altar of Elyvilon.
  4259 | D:4      | Found a blossoming altar of Fedhas.
  4327 | D:4      | Noticed Ijyb
  4338 | D:4      | Killed Ijyb
  4339 | D:4      | Reached XP level 7. HP: 39/48 MP: 1/11
  4486 | D:4      | Noticed Natasha
  4489 | D:4      | Killed Natasha
  4587 | D:4      | Found a white marble altar of Elyvilon.
  4602 | D:4      | Reached skill level 5 in Poison Magic
  4604 | D:4      | Noticed Natasha
  4614 | D:4      | Killed Natasha
  4751 | D:4      | Found Vaget's Book Emporium.
  4786 | D:4      | Found a glowing drain.
  4792 | D:4      | Reached ** piety under Yredelemnul
  5172 | D:4      | Found a glowing golden altar of the Shining One.
  5207 | D:5      | Entered Level 5 of the Dungeon
  6270 | D:5      | Reached XP level 8. HP: 54/54 MP: 2/12
  6597 | D:5      | Learned a level 4 spell: Olgreb's Toxic Radiance
  7285 | D:6      | Reached skill level 5 in Fighting
  7610 | D:6      | Reached skill level 6 in Fighting
  8019 | D:6      | Found a radiant altar of Vehumet.
  8428 | D:6      | Found a hazy altar of Hepliaklqana.
  8436 | D:6      | Found a shimmering blue altar of Sif Muna.
  8781 | D:6      | Found a runed translucent door.
  8783 | D:6      | Noticed kalagan's ghost (novice DECj)
  8799 | D:6      | Reached skill level 1 in Evocations
  8900 | D:6      | Found a sacrificial altar of Ru.
  8922 | D:6      | Reached XP level 9. HP: 62/62 MP: 13/13
  9780 | D:7      | Reached *** piety under Yredelemnul
 10471 | D:7      | Found a sparkling altar of Nemelex Xobeh.
 10504 | D:7      | Reached skill level 7 in Fighting
 10807 | D:7      | Found a staircase to the Ecumenical Temple.
 10866 | D:7      | Found a sacrificial altar of Ru.
 11162 | D:8      | Slain by an ice beast

Illustrated notes

Levels and vault maps discovered:
D:1:      minmay_arrival_jagged, layout_loops_ring
D:2:      layout_loops_ring, general_overflow_altar
D:3:      minmay_spotlight, layout_rooms, gammafunk_ghost_icy, uniq_jessica,
          uniq_sigmund
D:4:      layout_cave_pools, fedhas_altar_1, tso_altar,
          lemuel_coloured_pillars_altar, serial_shops, shop,
          portal_sewer_entry_f, hex_tiny, elyvilon_altar_3, uniq_natasha,
          uniq_ijyb
D:5:      layout_rooms, serial_co_window_serial, co_window_of_opportunity_a,
          co_window_corner_a, co_window_corner_a, co_window_corner_a,
          co_window_corner_a, co_window_paths_a, co_window_unsneaky_path_b,
          co_window_unsneaky_path_c, co_window_2corner, co_window_corner_b,
          co_window_of_opportunity_c, co_window_paths_c, co_window_4corner_b,
          glass_columns_c, glass_columns_a, glass_columns_a
D:6:      layout_basic, vehumet_crystals, amethyst_overflow_temple_binary,
          gammafunk_ghost_grave, amcnicky_altar_gilded
D:7:      layout_basic, nicolae_overflow_crystal_walls,
          nemelex_xobeh_ov_fountains_minmay, minmay_temple_entry_junction_2
D:8:      layout_loops_ring, uniq_erica

Skill      XL: |  1  2  3  4  5  6  7  8  9 |
---------------+----------------------------+-----
Fighting       | 1 2 4 6 7 |  7.7
Poison Magic   | 4 6 |  6.0
Air Magic      | 2 3 4 |  4.0
Stealth        | 3 4 |  4.0
Spellcasting   | 3 |  3.0
Invocations    | 2 4 |  4.0
Transmutations | 3 |  3.0
Dodging        | 4 |  4.0
Evocations     | 1 4 |  4.0

Action                   |  1- 3 |  4- 6 |  7- 9 || total
-------------------------+-------+-------+-------++-------
Melee: Dagger            |    26 |     7 |       ||    33
       Constrict         |    12 |     2 |    12 ||    26
       Tentacles         |     3 |       |    14 ||    17
       War axe           |       |       |    45 ||    45
 Fire: Hunting sling     |       |    30 |    73 ||   103
Throw: Stone             |     3 |       |     1 ||     4
       Dart              |       |     8 |       ||     8
 Cast: Sting             |    33 |     9 |    14 ||    56
       Poisonous Vapours |     8 |    44 |   122 ||   174
       Olgreb's Toxic Ra |       |       |     3 ||     3
Invok: Animate Remains   |       |    10 |    26 ||    36
       Animate Dead      |       |       |     9 ||     9
Evoke: Wand              |       |       |     6 ||     6
  Use: Scroll            |     8 |     3 |     3 ||    14
       Potion            |       |     2 |     1 ||     3
 Stab: Sleeping          |     1 |       |     1 ||     2
Armor: Skin              |     4 |     4 |     1 ||     9
Dodge: Dodged            |    20 |    27 |    53 ||   100
